 Dungeon Crawl Stone Soup version 0.21.1 (webtiles) character file.

346 Peloso the Covered (level 6, -21/53 HPs)
             Began as a Minotaur Fighter on Feb 2, 2018.
             Demolished by a two-headed ogre
             ... wielding a +0 giant club
              (22 damage)
             ... on level 4 of the Dungeon.
             The game lasted 00:05:45 (2897 turns).

Peloso the Covered (Minotaur Fighter)               Turns: 2897, Time: 00:05:45

Health: -21/53     AC:  9    Str: 20    XL:     6   Next: 32%
Magic:  5/5        EV:  6    Int:  5    God:
Gold:   106        SH: 10    Dex: 12    Spells: 5/5 levels left

rFire    . . .     SeeInvis .   a - +0 long sword
rCold    . . .     Gourm    .   c - +0 shield
rNeg     . . .     Faith    .   b - +0 chain mail
rPois    .         Spirit   .   (helmet restricted)
rElec    .         Reflect  .   (no cloak)
rCorr    .         Harm     .   (no gloves)
MR       .....                  (no boots)
Stlth    ..........             (no amulet)
HPRegen  0.17/turn              (no ring)
MPRegen  0.09/turn              (no ring)

@: no status effects
A: retaliatory headbutt, horns 2
a: no special abilities


You were on level 4 of the Dungeon.
You were hungry.

You visited 1 branch of the dungeon, and saw 4 of its levels.

You collected 106 gold pieces.

Inventory:

Hand Weapons
 a - a +0 long sword (weapon)
 r - a cursed -3 hand axe
Armour
 b - a +0 chain mail (worn)
 c - a +0 shield (worn)
Scrolls
 e - a scroll of remove curse {unknown}
 h - 3 scrolls of magic mapping {unknown}
 i - a scroll of identify
 j - a scroll of noise {unknown}
 l - 2 scrolls of teleportation {unknown}
 m - 2 scrolls of enchant weapon {unknown}
 n - a scroll of fear {unknown}
 p - 2 scrolls of amnesia {unknown}
 q - a scroll of fog {unknown}
 s - a scroll of enchant armour {unknown}
 t - a scroll of immolation {unknown}
Potions
 d - a potion of might
 g - a potion of haste
 k - 4 potions of curing
 o - a potion of heal wounds
Comestibles
 f - 8 rations


   Skills:
 + Level 4.5 Fighting
 + Level 5.3 Long Blades
 + Level 5.4 Armour
 + Level 0.9 Dodging
 + Level 4.9 Shields


You had 5 spell levels left.
You didn't know any spells.

Dungeon Overview and Level Annotations

Branches:
Dungeon (4/15)
 Temple: D:4-7

Altars:
Xom
The Shining One

Shops:
D:4 (


Innate Abilities, Weirdness & Mutations

You reflexively headbutt those who attack you in melee.
You have a pair of horns on your head.


Message History

It is a scroll of identify.
k - 4 potions of curing
As you read the scroll of identify, it crumbles to dust.
g - a potion of haste
As you read the scroll of identify, it crumbles to dust.
o - a potion of heal wounds You hit the two-headed ogre.
The two-headed ogre is lightly wounded.
You block the two-headed ogre's attack.
The two-headed ogre hits you with a giant club!!
Your shield and chain mail prevent you from hitting the two-headed ogre.
The two-headed ogre is lightly wounded.
The two-headed ogre hits you with a giant club!!
* * * LOW HITPOINT WARNING * * *
You block the two-headed ogre's attack.
Your chain mail prevents you from hitting the two-headed ogre.
You headbutt the two-headed ogre, but do no damage.
The two-headed ogre is lightly wounded.
The two-headed ogre hits you with a giant club!!
You die...

######.# #... ...##.#
#..# ##.##.# #.∩#
##...#.# #..# ##.#.#..#
# # #..####.##.##.####.
#. >
#..................
..#.##O####.##.##.#####
..##@# ##.#.#..## #.#.#
##......#
#..#####.....#.#
##.........#..(#
#.#.##########.# #..#.#
#.# #.#.#.# #.#
#.##.#.# #.# #. #.#.#
#.#


You could see a two-headed ogre.

Vanquished Creatures
  A water moccasin skeleton (D:4)
  A crimson imp (D:4)
  An orc priest (D:3)
  An iguana (D:4)
  3 gnolls (D:2)
  6 adders
  2 oozes
  2 worms (D:2)
  3 dart slugs
  5 leopard geckos
  5 orcs (D:3)
  4 bats
  4 giant cockroaches
  9 goblins
  5 hobgoblins
  10 jackals
  10 kobolds
  A quokka (D:2)
  A ball python (D:3)
  8 frilled lizards
  A goblin zombie (D:4)
  4 hobgoblin zombies (D:4)
  2 kobold skeletons (D:4)
  2 orc zombies (D:4)
  9 rats
100 creatures vanquished.

Notes
Turn   | Place    | Note
-------+----------+-------------------------------------------
     0 | D:1      | Peloso the Minotaur Fighter began the quest for the Orb.
     0 | D:1      | Reached XP level 1. HP: 19/19 MP: 0/0
   109 | D:1      | Reached XP level 2. HP: 23/27 MP: 1/1
   725 | D:2      | Reached XP level 3. HP: 33/33 MP: 2/2
   936 | D:2      | Reached XP level 4. HP: 26/40 MP: 3/3
  1358 | D:2      | Reached skill level 5 in Armour
  1898 | D:3      | Reached XP level 5. HP: 42/46 MP: 4/4
  2047 | D:3      | Found a shimmering altar of Xom.
  2688 | D:4      | Found a glowing golden altar of the Shining One.
  2733 | D:4      | Reached skill level 5 in Long Blades
  2733 | D:4      | Reached XP level 6. HP: 53/53 MP: 5/5
  2887 | D:4      | Found Jawo's Weapon Boutique.
  2889 | D:4      | Noticed a two-headed ogre
  2896 | D:4      | HP: 1/53 [two-headed ogre/giant club (25)]
  2897 | D:4      | Demolished by a two-headed ogre

Skill      XL: |  1  2  3  4  5 |
---------------+----------------+-----
Armour         | 4 5 |  5.4
Shields        | 4 |  4.9
Fighting       | 4 |  4.5
Long Blades    | 3 5 |  5.3
Dodging        | |  0.9

Action                   |  1- 3 |  4- 6 || total
-------------------------+-------+-------++-------
Melee: Long sword        |    99 |   156 ||   255
       Headbutt          |    16 |    27 ||    43
  Use: Scroll            |       |     3 ||     3
  Eat: Chunk             |       |     6 ||     6
Armor: Scale mail        |    55 |    50 ||   105
       Chain mail        |       |    34 ||    34
Dodge: Dodged            |    25 |    53 ||    78
Block: Shield            |    51 |    84 ||   135
       Rpst.: Long sword |     4 |    15 ||    19
